 Dungeon Crawl Stone Soup version 0.30-a0-808-g6e0788376e (webtiles) character file.

Game seed: 6693587119433840092

387 Twinkles the Sneak (level 6, 0/43 HPs)
             Began as an Octopode Brigand on Feb 27, 2023.
             Was an Initiate of Cheibriados.
             Splashed by a jelly's acid (3 damage)
             ... on level 5 of the Dungeon.
             The game lasted 00:11:23 (2940 turns).

Twinkles the Sneak (Octopode Brigand)               Turns: 2940, Time: 00:11:23

Health: 0/43       AC: -11   Str: 19    XL:     6   Next: 78%
Magic:  6/6        EV: 14    Int: 14    God:    Cheibriados [......]
Gold:   234        SH:  0    Dex: 15    Spells: 5/5 levels left

rFire   . . .      SeeInvis .    a - +1 dagger (vamp)
rCold   + . .      Faith    .    (no shield)
rNeg    . . .      Spirit   .    (helmet restricted)
rPois   .          Reflect  .    z - amulet of regeneration
rElec   .          Harm     .    j - ring of protection from cold
rCorr   .          Rampage  .    y - +6 ring of strength
Will    .....                    (no ring)
Stlth   +++++                    (no ring)
HPRegen 1.07/turn                (no ring)
MPRegen 0.10/turn                (no ring)
                                 (no ring)
                                 (no ring)

@: corroded, very slow
A: almost no armour, amphibious, 8 rings, camouflage 1, gelatinous body 1,
(nimble swimmer 1), tentacles
a: Renounce Religion


You were on level 5 of the Dungeon.
You worshipped Cheibriados.
Cheibriados was noncommittal.
You visited 1 branch of the dungeon, and saw 5 of its levels.

You collected 234 gold pieces.

Inventory:

Hand Weapons
 a - a +1 vampiric dagger (weapon)
 e - a +2 whip of venom
Missiles
 b - 11 poisoned darts (quivered)
 c - 3 curare-tipped darts
 n - 4 javelins
Jewellery
 j - a ring of protection from cold (left tentacle)
 t - an amulet of reflection
 y - a +6 ring of strength (right tentacle)
 z - an amulet of regeneration (around mantle)
 A - an amulet of faith
Scrolls
 g - 2 scrolls of vulnerability {unknown}
 i - 2 scrolls of identify {unknown}
 l - a scroll of blinking {unknown}
 m - a scroll of enchant armour {unknown}
 o - a scroll of fear {unknown}
 p - a scroll of immolation {unknown}
 q - 2 scrolls of poison {unknown}
 r - 2 scrolls of torment
 Y - a scroll of teleportation
Potions
 f - 3 potions of curing {unknown}
 h - 2 potions of haste {unknown}
 k - 2 potions of ambrosia {unknown}
 s - a potion of heal wounds {unknown}
 u - a potion of resistance {unknown}
 v - a potion of lignification {unknown}
 w - 2 potions of brilliance {unknown}
 x - a potion of degeneration {unknown}


   Skills:
 + Level 3.8 Fighting
 - Level 2.0 Short Blades
 - Level 2.0 Throwing
 + Level 3.2 Dodging
 + Level 7.0 Stealth
 + Level 2.9 Unarmed Combat
 + Level 1.2 Invocations


You had 5 spell levels left.
You didn't know any spells.
Your spell library contained the following spells:

 Spells                   Type           Power      Damage    Failure   Level
 Cigotuvi's Dreadful Rot  Necr/Pois/Air  0%         N/A       41%         2
 Poisonous Vapours        Pois/Air       0%         N/A       41%         2
 Frozen Ramparts          Ice            0%         1d1       65%         3
 Mephitic Cloud           Conj/Pois/Air  0%         N/A       65%         3
 Ice Form                 Ice/Tmut       0%         N/A       96%         4
 Summon Ice Beast         Ice/Summ       0%         N/A       96%         4


Dungeon Overview and Level Annotations

Branches:
Dungeon (5/15) Zot: 40365
 Temple: D:4-7

Altars:
Cheibriados
Hepliaklqana
Qazlal
Uskayaw
Xom

Shops:
D:1 [

Annotations:
D:3 1 runed translucent door, groundbeetle's ghost, weakling DsHu
D:4 Dowan; Duvessa


Innate Abilities, Weirdness & Mutations

You cannot wear most types of armour.
You are amphibious.
You can wear up to eight rings at the same time.
Your skin changes colour to match your surroundings (Stealth+).
Your rubbery body absorbs attacks. (AC +1, EV +1)
((You are camouflaged when in or above water. (Stealth+)))
You have tentacles for arms and can constrict up to eight enemies at once.


Message History

Your base attributes are Str 12, Int 13, Dex 14.
Unknown command.
Unknown command.
Unknown command.
You have 6 tentacles available for constriction.
Your movement speed is very slow.
Your attack delay is about 0.9.
Your damage rating with your +1 vampiric dagger is about 5 (Base 4 x 112% (Dex) x 110% (Skill) + 1 (Ench)).
Your base attributes are Str 12, Int 13, Dex 14.
You feel the dreadful sensation subside.
You are now empty-tentacled.
You have 8 tentacles available for constriction.
Your movement speed is very slow.
Your attack delay is about 0.9.
Your damage rating with unarmed combat is about 6 (Base [3 + 2 (UC)] x 122% (Str) x 106% (Fight)).
Your base attributes are Str 12, Int 13, Dex 14.
You feel a sense of dread.
a - a +1 vampiric dagger (weapon)
A jelly comes into view.
The jelly quivers.
You hit the jelly.
Your tentacles burn!
You squeeze the jelly.
The jelly is moderately wounded.
The jelly hits you.
You are splashed with acid!
You are too injured to fight recklessly!
You are too injured to fight recklessly!
You are too injured to fight recklessly!
You hit the jelly. The acid corrodes you!
Your tentacles burn!
The jelly is heavily wounded.
The jelly closely misses you.
You hit the jelly but do no damage. The acid corrodes you!
Your tentacles burn!
The jelly is heavily wounded.
The jelly hits you. The acid corrodes you!
You are splashed with acid!
You hit the jelly but do no damage.
Your tentacles burn!
The jelly is heavily wounded.
The jelly hits you.
You are splashed with acid!
* * * LOW HITPOINT WARNING * * *
You hit the jelly but do no damage.
Your tentacles burn!
* * * LOW HITPOINT WARNING * * *
The jelly is heavily wounded.
The jelly barely misses you.
You hit the jelly but do no damage.
Your tentacles burn!
You die...

...###.. .....
......##.......
###.....##.......
##................
................#
...............#
.......J.....###
#.@.......#
#.........#
#......##...###
##.#######....# #.
##..## # #.<.#
#..## ####


You could see a jelly.

Vanquished Creatures
  Sigmund (D:2)
  An ice beast (D:4)
  An orc priest (D:4)
  An orc wizard (D:4)
  2 adders
  5 dart slugs
  3 orcs (D:4)
  6 endoplasms
  A giant cockroach (D:1)
  9 goblins
  3 hobgoblins
  5 kobolds
  A quokka (D:4)
  12 ball pythons
  3 bats
  A frilled lizard (D:1)
  8 rats
63 creatures vanquished.

Notes
Turn   | Place    | Note
-------+----------+-------------------------------------------
     0 | D:1      | Twinkles the Octopode Brigand began the quest for the Orb.
     0 | D:1      | Reached XP level 1. HP: 14/14 MP: 1/1
    63 | D:1      | Found Iguusulith's Antique Armour Boutique.
   116 | D:1      | Reached XP level 2. HP: 19/19 MP: 2/2
   204 | D:1      | Reached skill level 1 in Unarmed Combat
   317 | D:1      | Reached XP level 3. HP: 19/25 MP: 3/3
  1019 | D:2      | Found a shimmering altar of Xom.
  1063 | D:2      | Noticed Sigmund
  1074 | D:2      | Killed Sigmund
  1075 | D:2      | Reached skill level 6 in Stealth
  1075 | D:2      | Reached XP level 4. HP: 31/31 MP: 4/4
  1075 | D:2      | Reached XP level 5. HP: 36/36 MP: 5/5
  1404 | D:3      | Found a stormy altar of Qazlal.
  1449 | D:3      | Found a runed translucent door.
  1678 | D:3      | Found a hide-covered altar of Uskayaw.
  1786 | D:3      | Found a hazy altar of Hepliaklqana.
  1802 | D:3      | Noticed groundbeetle's ghost (weakling DsHu)
  1865 | D:4      | Reached XP level 6. HP: 42/42 MP: 6/6
  1929 | D:4      | Found a snail-covered altar of Cheibriados.
  1937 | D:4      | Noticed an ice beast
  1941 | D:4      | Became a worshipper of Cheibriados the Contemplative
  2182 | D:4      | HP: 12/42 [ice beast (3)]
  2185 | D:4      | HP: 2/42 [ice beast (6)]
  2188 | D:4      | Killed an ice beast
  2252 | D:4      | Reached skill level 7 in Stealth
  2252 | D:4      | Reached skill level 1 in Invocations
  2254 | D:4      | HP: 10/43 [orc wizard/+0 dagger (5)]
  2327 | D:4      | Noticed Duvessa
  2331 | D:4      | Noticed Dowan
  2828 | D:5      | Entered Level 5 of the Dungeon
  2938 | D:5      | HP: 4/43 [acid (10)]
  2940 | D:5      | Splashed by a jelly's acid

Illustrated notes

Levels and vault maps discovered:
D:1:      minmay_arrival_solitary_statue, layout_loops_ring, serial_shops, shop
D:2:      layout_loops_ring, basic_altar, uniq_sigmund
D:3:      layout_rooms, general_overflow_altar, eat_drink_and_be_merry_uskayaw,
          mainiacjoe_overflow_cross_hatched, ebering_ghost_reflecting_pool
D:4:      layout_cave_pods, lemuel_crystal_altar, uniq_duvessa
D:5:      layout_cave_pools, trog_book, nemelex_dance_club_becter,
          hangedman_abyss_or_decor_stagger

Skill      XL: |  1  2  3  4  5  6 |
---------------+-------------------+-----
Unarmed Combat | 1 2 |  2.9
Fighting       | 3 |  3.8
Dodging        | 2 3 |  3.2
Stealth        | 6 7 |  7.0
Invocations    | 1 |  1.2
Short Blades   | |  2.0
Throwing       | |  2.0

Action                     |  1- 3 |  4- 6 || total
---------------------------+-------+-------++-------
  Melee: Dagger            |    54 |    79 ||   133
         Tentacles         |    11 |    15 ||    26
         Constrict         |    11 |    12 ||    23
         Punch             |       |     2 ||     2
  Throw: Javelin           |       |     3 ||     3
         Dart              |       |     1 ||     1
    Use: Scroll            |       |     2 ||     2
   Stab: Sleeping          |    19 |     9 ||    28
 Armour: Skin              |     3 |     2 ||     5
  Dodge: Dodged            |    19 |    43 ||    62
  Block: Other             |       |     1 ||     1

Table legend: (Time is in decaauts)
 A = Elapsed time spent in this place.
 B = Non-inter-level travel time spent in this place.
 C = Inter-level travel time spent in this place.
 D = Time resting spent in this place.
 E = Time spent auto-exploring this place.
 F = Levels seen in this place.
 G = Mean time per level.
                   A        B        C        D        E       F      G
               +--------+--------+--------+--------+--------+-----+--------+
         Total |   3156 |   2869 |    287 |     55 |   2226 |   5 |  631.2 |
       Dungeon |   3156 |   2869 |    287 |     55 |   2226 |   5 |  631.2 |
               +--------+--------+--------+--------+--------+-----+--------+

Top non-repeatable levels by time:
     D:4: 1275 daAuts
     D:1: 696 daAuts
     D:2: 658 daAuts
     D:3: 474 daAuts
     D:5: 51 daAuts
